 Dungeon Crawl Stone Soup version 0.30-a0-737-gf23d94013f (webtiles) character file.

Game seed: 14553890649921033460

1370 freelancePsychic the Fighter (level 8, -1/75 HPs)
             Began as a Minotaur Brigand on Feb 1, 2023.
             Was an Initiate of Hepliaklqana.
             Slain by Duvessa
             ... wielding a +3 short sword
              (18 damage)
             ... on level 4 of the Dungeon.
             The game lasted 00:10:40 (3889 turns).

freelancePsychic the Fighter (Minotaur Brigand)     Turns: 3889, Time: 00:10:40

Health: -1/75      AC: 14    Str: 18    XL:     8   Next: 38%
Magic:  7/7        EV: 11    Int:  7    God:    Hepliaklqana [......]
Gold:   184        SH:  0    Dex: 15    Spells: 7/7 levels left

rFire   . . .      SeeInvis .    a - +2 dagger (freeze)
rCold   . . .      Faith    .    (no shield)
rNeg    . . .      Spirit   .    t - +0 leather armour
rPois   .          Reflect  .    (helmet restricted)
rElec   .          Harm     .    c - +0 cloak
rCorr   .          Rampage  .    (no gloves)
Will    .....                    (no boots)
Stlth   +++                      (no amulet)
HPRegen 0.32/turn                f - +4 ring of protection
MPRegen 0.10/turn                q - +4 ring of protection

@: mighty
A: horns 2, retaliatory headbutt, iridescent scales 1, agile 1
a: Renounce Religion


You were on level 4 of the Dungeon.
You worshipped Hepliaklqana.
Hepliaklqana was noncommittal.
You visited 1 branch of the dungeon, and saw 6 of its levels.
You also visited: Sewer.

You collected 184 gold pieces.

Inventory:

Hand Weapons
 a - a +2 dagger of freezing (weapon)
Missiles
 i - 6 poisoned darts (quivered)
Armour
 c - a +0 cloak (worn)
 j - a +0 kite shield
 t - a +0 leather armour (worn)
Jewellery
 f - a +4 ring of protection (left hand)
 h - a ring of see invisible
 q - a +4 ring of protection (right hand)
 r - a ring of resist corrosion
Scrolls
 d - a scroll of poison {unknown}
 g - a scroll of enchant weapon
 l - a scroll of immolation
 o - a scroll of enchant armour
 p - 2 scrolls of fear
Potions
 b - 2 potions of might
 e - 2 potions of attraction {unknown}
 k - a potion of invisibility {unknown}
 m - 4 potions of mutation
 s - a potion of cancellation {unknown}
 u - a potion of lignification {unknown}
 v - a potion of heal wounds {unknown}


   Skills:
 + Level 8.7 Fighting
 - Level 2.1 Short Blades
 + Level 3.1 Maces & Flails
 - Level 6.0 Throwing
 - Level 1.1 Dodging
 - Level 5.0 Stealth


You had 7 spell levels left.
You didn't know any spells.
Your spell library contained the following spells:

 Spells                   Type           Power      Damage    Failure   Level
 Portal Projectile        Hex/Tloc       0%         N/A       86%         3
 Tukima's Dance           Hex            0%         N/A       86%         3
 Blade Hands              Tmut           0%         N/A       100%        5
 Borgnjor's Revivificati  Necr           0%         N/A       100%        8
 Necromutation            Tmut/Necr      0%         N/A       100%        8
 Death's Door             Necr           0%         N/A       100%        9


Dungeon Overview and Level Annotations

Branches:
Dungeon (6/15)              Sewer (visited)
 Temple: D:4-7

Altars:
Fedhas
Gozag
Hepliaklqana
Qazlal
Yredelemnul

Shops:
D:1 *

Annotations:
D:3 2 transporters, exclusion: orc priest, Jackthecabe's ghost, amateur VSBr
D:4 Duvessa


Innate Abilities, Weirdness & Mutations

You have a pair of horns on your head.
You reflexively headbutt those who attack you in melee.
You are partially covered in iridescent scales. (AC +2)
You are agile. (Dex +4, Str/Int -1)


Message History

Aim: Duvessa, wielding a +3 short sword and wearing a +0 ring mail (lightly wounded, berserk, fast, very poisoned, 72% to hit)
You throw a poisoned dart. The poisoned dart hits Duvessa.
Duvessa looks as sick as possible!
Duvessa is lightly wounded.
Duvessa closely misses you. Duvessa hits you with a +3 short sword!
Throw: 8 darts (poison)
Press: ? - help, Q - select action Shift-Dir - straight line, f/p - Duvessa
Aim: Duvessa, wielding a +3 short sword and wearing a +0 ring mail (lightly wounded, berserk, fast, extremely poisoned, 72% to hit)
You throw a poisoned dart. The poisoned dart hits Duvessa.
Duvessa looks as sick as possible!
Duvessa is lightly wounded.
Duvessa barely misses you.
Okay, then.
You barely miss Duvessa.
Duvessa is lightly wounded.
Duvessa hits you with a +3 short sword.
Throw: 7 darts (poison)
Press: ? - help, Q - select action Shift-Dir - straight line, f/p - Duvessa
Aim: Duvessa, wielding a +3 short sword and wearing a +0 ring mail (black smoke, lightly wounded, berserk, fast, extremely poisoned, 72% to hit)
You throw a poisoned dart. The poisoned dart hits Duvessa.
Duvessa looks as sick as possible!
Duvessa is lightly wounded.
Duvessa hits you with a +3 short sword!
* * * LOW HITPOINT WARNING * * *
Okay, then.
You feel better. Duvessa barely misses you. Duvessa attacks as you move away!
Duvessa hits you with a +3 short sword. x2
You feel better. Duvessa hits you with a +3 short sword!
It was a potion of might.
You feel very mighty all of a sudden. Duvessa hits you with a +3 short sword!
* * * LOW HITPOINT WARNING * * *
Duvessa closely misses you.
You puncture Duvessa! You freeze Duvessa.
Duvessa is severely wounded.
Duvessa hits you but does no damage.
You hit Duvessa. You freeze Duvessa.
Duvessa is severely wounded.
Duvessa hits you with a +3 short sword!!
You die...

...#†...........(##...)....#
...#.§.≈§≈.≈≈≈.≈.##........#***
...#.≈..§≈.≈...≈.######.###..,**
.....≈≈≈§≈§≈.≈≈§..### #...,...,**
.......≈§≈.§.≈.....[#####..,..,,*
...#._..§......_.#.....#*...,,,,*
####...≈.§.≈.§..(...##..*,..,,,,*
#.§≈≈.§§§§≈§≈e.......,,,,,,,**
*,~,,.§§≈§§.≈@......#*,,,,,,,*
*,~,~≈≈.≈≈≈.≈[......#*,,,,,,,*
*,,,,....=......#####*,,,,,,,*
*****..........## **,,,,,**
*########### **,,,** *****


You could see Duvessa (berserk, fast, very poisoned).

Vanquished Creatures
  Menkaure (D:4)
  A sky beast (D:4)
  A black bear (D:6)
  3 ogres
  2 kobold brigands (Sewer)
  3 scorpions
  A necrophage (D:4)
  Dowan (D:4)
  2 hounds
  Natasha (thrice) (D:3)
  An iguana (D:6)
  Robin (D:3)
  3 gnolls
  7 adders
  A river rat (D:4)
  2 ufetubi
  6 worms
  2 orcs
  8 bats
  6 endoplasms
  12 giant cockroaches
  9 hobgoblins
  13 kobolds
  4 quokkas
  9 ball pythons
  12 goblins
  8 rats
122 creatures vanquished.

Notes
Turn   | Place    | Note
-------+----------+-------------------------------------------
     0 | D:1      | freelancePsychic the Minotaur Brigand began the quest for
                  | the Orb.
     0 | D:1      | Reached XP level 1. HP: 18/18 MP: 0/0
   259 | D:1      | Found Cawisese's General Store.
   294 | D:1      | Reached XP level 2. HP: 22/25 MP: 1/1
   442 | D:1      | Found a faded altar of an unknown god.
   637 | D:1      | Reached skill level 3 in Fighting
   637 | D:1      | Reached XP level 3. HP: 31/31 MP: 2/2
   927 | D:2      | Reached skill level 1 in Maces & Flails
  1237 | D:2      | Reached XP level 4. HP: 38/38 MP: 3/3
  1829 | D:3      | Found a transporter.
  1829 | D:3      | Noticed Jackthecabe's ghost (amateur VSBr)
  1884 | D:3      | Noticed Natasha
  1892 | D:3      | Killed Natasha
  1966 | D:3      | Noticed an ogre
  2058 | D:3      | Reached XP level 5. HP: 41/46 MP: 4/4
  2084 | D:3      | Noticed Robin
  2097 | D:3      | Killed Robin
  2158 | D:3      | Found a transporter.
  2220 | D:3      | Killed an ogre
  2221 | D:3      | Reached skill level 4 in Fighting
  2316 | D:3      | Noticed Natasha
  2339 | D:3      | Killed Natasha
  2340 | D:3      | Reached skill level 5 in Stealth
  2358 | D:3      | Noticed Natasha
  2365 | D:3      | Killed Natasha
  2366 | D:3      | Reached XP level 6. HP: 53/53 MP: 5/5
  2740 | D:4      | Reached skill level 5 in Fighting
  2741 | D:4      | Found a stormy altar of Qazlal.
  2791 | D:4      | You fall into a shaft and drop 2 floors!
  2825 | D:6      | Reached XP level 7. HP: 62/62 MP: 6/6
  2843 | D:6      | Reached skill level 6 in Fighting
  2843 | D:6      | Reached skill level 5 in Throwing
  2856 | D:6      | Gained mutation: You are partially covered in iridescent
                  | scales. (AC +2) [potion of mutation]
  2856 | D:6      | Gained mutation: You are agile. (Dex +4, Str/Int -1)
                  | [potion of mutation]
  2889 | D:5      | Entered Level 5 of the Dungeon
  3043 | D:5      | Found a blossoming altar of Fedhas.
  3057 | D:4      | Noticed Menkaure
  3066 | D:4      | Killed Menkaure
  3067 | D:4      | Reached skill level 7 in Fighting
  3122 | D:4      | Found a glowing drain.
  3141 | Sewer    | Entered a sewer
  3399 | Sewer    | Reached XP level 8. HP: 65/74 MP: 7/7
  3414 | Sewer    | Reached skill level 8 in Fighting
  3740 | D:4      | Found an opulent altar of Gozag.
  3777 | D:4      | Found a hazy altar of Hepliaklqana.
  3791 | D:4      | Noticed Duvessa
  3791 | D:4      | Noticed Dowan
  3805 | D:4      | Found a basalt altar of Yredelemnul.
  3862 | D:4      | Became a worshipper of Hepliaklqana the Forgotten
  3871 | D:4      | Killed Dowan
  3889 | D:4      | Slain by Duvessa

Illustrated notes

Levels and vault maps discovered:
D:1:      psy_arrival_radial01, layout_basic, serial_shops, shop,
          shapermc_ecumenical_altar_mp_urbaneastern
D:2:      layout_loops_ring, minmay_puff
D:3:      layout_basic, gammafunk_ghost_arena, nicolae_figureground_pulse,
          uniq_robin, uniq_natasha, uniq_grinder
D:4:      layout_rooms, mainiacjoe_overflow_six_doors_small,
          kennysheep_little_box, mainiacjoe_overflow_large_starburst,
          gup_sewer_entry_bubbles, uniq_duvessa, uniq_menkaure
D:5:      layout_loops_ring, nicolae_overflow_hidden_temple, old_standard_altar,
          temple_statues, serial_shops, nicolae_shop_crystal, uniq_ijyb,
          uniq_blork_the_orc
D:6:      layout_rooms, kennysheep_mini_moat, minmay_diced_spiral

Skill      XL: |  1  2  3  4  5  6  7  8 |
---------------+-------------------------+-----
Fighting       | 3 4 5 7 8 |  8.7
Maces & Flails | 1 3 |  3.1
Stealth        | 4 5 |  5.0
Throwing       | 3 4 6 |  6.0
Short Blades   | |  2.1
Dodging        | |  1.1

Action                     |  1- 3 |  4- 6 |  7- 9 || total
---------------------------+-------+-------+-------++-------
  Melee: Dagger            |    79 |   147 |   139 ||   365
         Headbutt          |    11 |    21 |    19 ||    51
         Punch             |       |     2 |     3 ||     5
  Throw: Dart              |     9 |    22 |     8 ||    39
    Use: Scroll            |       |     7 |     1 ||     8
         Potion            |       |       |     6 ||     6
   Stab: Sleeping          |     2 |     8 |     3 ||    13
         Distracted        |       |       |     1 ||     1
 Armour: Robe              |    36 |     7 |       ||    43
         Leather armour    |       |    49 |    68 ||   117
  Dodge: Dodged            |    46 |    55 |    79 ||   180

Table legend: (Time is in decaauts)
 A = Elapsed time spent in this place.
 B = Non-inter-level travel time spent in this place.
 C = Inter-level travel time spent in this place.
 D = Time resting spent in this place.
 E = Time spent auto-exploring this place.
 F = Levels seen in this place.
 G = Mean time per level.
                   A        B        C        D        E       F      G
               +--------+--------+--------+--------+--------+-----+--------+
         Total |   3955 |   3718 |    237 |    221 |   2349 |   7 |  565.0 |
       Dungeon |   3445 |   3208 |    237 |    133 |   2066 |   6 |  574.2 |
         Sewer |    509 |    509 |      0 |     88 |    283 |   1 |  509.0 |
               +--------+--------+--------+--------+--------+-----+--------+

Top non-repeatable levels by time:
     D:2: 988 daAuts
     D:3: 872 daAuts
     D:1: 825 daAuts
   Sewer: 509 daAuts
     D:4: 505 daAuts
     D:5: 161 daAuts
     D:6: 92 daAuts
